cohdb
Replays
Latest Replays
All Replays
Popular Replays
Top Player Replays
Match Explorer
How It Works
Community
CoH3 Stats
Reddit
Sign in to upload your games and track your stats! →
Sign in with Steam
Match 44381879
Unlisted
Match 44381879
Overview
Messages
Build Orders
End
Selects Italian Combined Arms Battlegroup
Selects Bersaglieri Squad
Bersaglieri Squad
Kradschützen Motorcycle Team
Bersaglieri Squad
Construct Light Support Kompanie
Assault Grenadier Squad
Fire Support Elements
Selects Bersaglieri Bolster
Flakvierling Half-track
Panzerjäger Mechanized Group
2.5-tonne Medical Truck
Assault Grenadier Squad
Selects Breda Model 30 Light Machine Guns
Construct Panzerarmee Kommand
Assault Grenadier Squad
Selects Semovente da 75/18 Assault Gun
Selects Strafing Run
Panzer III L Medium Tank
Pak 38 Mechanized Group
Panzer III L Medium Tank
Selects Artillery Cover
Zyxuan
robwarrior
0
0
Comments
sign in to comment!
No comments posted yet!